ESL (28 & UNDER)
PENQUANNOCK OVERRATED JETER @ MINNESOTA MANBEARPIGS
08/21/2028
 
TOP OF THE 1ST
Penquannock Overrated Jeter batting - Pitching for Minnesota ManBearPigs : RHP Juan Moreno
Pitching: RHP Juan Moreno
Batting: RHB Aaron Holt 0-0: Foul Ball, location: 2F
0-1: Foul Ball, location: 2F
0-2: Ball
1-2: Foul Ball, location: 2F
1-2: Strikes out swinging
Batting: RHB António Rodríguez 0-0: Called Strike
0-1: Swinging Strike
0-2: Foul Ball, location: 2F
0-2: Strikes out looking
Batting: RHB Bernardo Enríquez 0-0: Foul Ball, location: 2F
0-1: Foul Ball, location: 2F
0-2: Ball
1-2: Foul Ball, location: 2F
1-2: Strikes out swinging
Top of the 1st over - 0 run(s), 0 hit(s), 0 error(s), 0 left on base; Penquannock 0 - Minnesota 0
BOTTOM OF THE 1ST
Minnesota ManBearPigs batting - Pitching for Penquannock Overrated Jeter : LHP Brian Gunther
Pitching: LHP Brian Gunther
Batting: LHB Elvin Summers 0-0: Ground out 4-3 (Groundball, 4)
Batting: RHB Chris Burrell 0-0: Called Strike
0-1: Fly out, F9 (Flyball, 9LSF)
Batting: RHB Ricardo Salazar 0-0: Ground out 4-3 (Groundball, 4M)
Bottom of the 1st over - 0 run(s), 0 hit(s), 0 error(s), 0 left on base; Penquannock 0 - Minnesota 0
TOP OF THE 2ND
Penquannock Overrated Jeter batting - Pitching for Minnesota ManBearPigs : RHP Juan Moreno
Batting: RHB José Velásquez 0-0: Called Strike
0-1: Ball
1-1: Called Strike
1-2: Strikes out swinging
Batting: RHB Fernando Díaz 0-0: Ball
1-0: Ball
2-0: SINGLE (Groundball, 4MD)
Batting: LHB Tony Green 0-0: Ball
1-0: Called Strike
1-1: Called Strike
1-2: Strikes out swinging
Batting: RHB Manny Perea 0-0: Called Strike
Fernando Díaz steals 2nd base
0-1: Called Strike
0-2: Strikes out looking
Top of the 2nd over - 0 run(s), 1 hit(s), 0 error(s), 1 left on base; Penquannock 0 - Minnesota 0
BOTTOM OF THE 2ND
Minnesota ManBearPigs batting - Pitching for Penquannock Overrated Jeter : LHP Brian Gunther
Batting: RHB Tom Hicks 0-0: Ball
1-0: Called Strike
1-1: Swinging Strike
1-2: Foul Ball, location: 2F
1-2: Ball
2-2: Ball
3-2: Base on Balls
Batting: RHB Irving Galloway 0-0: Ball
1-0: Ball
2-0: 2-RUN HOME RUN (Flyball, 7LD), Distance : 354 ft
Batting: RHB Carlos López 0-0: Called Strike
0-1: Called Strike
0-2: SINGLE (Line Drive, 6M)
Batting: RHB Carlos Luna 0-0: Ball
1-0: Grounds into double play, 4-6-3 (Groundball, 4)
Batting: LHB Dave Raines 0-0: SINGLE (Groundball, 34D)
Batting: RHB Pedro López 0-0: Called Strike
0-1: Foul Ball, location: 2F
0-2: Strikes out swinging
Bottom of the 2nd over - 2 run(s), 3 hit(s), 0 error(s), 1 left on base; Penquannock 0 - Minnesota 2
TOP OF THE 3RD
Penquannock Overrated Jeter batting - Pitching for Minnesota ManBearPigs : RHP Juan Moreno
Batting: RHB Armando Pagán 0-0: Ball
1-0: Ball
2-0: Ball
3-0: Base on Balls
Batting: LHB Eric Powell 0-0: Ball
Armando Pagán steals 2nd base
1-0: Ball
2-0: Called Strike
2-1: Swinging Strike
2-2: Strikes out swinging
Batting: RHB Aaron Holt 0-0: Called Strike
Armando Pagán steals 3rd base
0-1: Swinging Strike
0-2: Ball
1-2: Foul Ball, location: 2F
1-2: Strikes out swinging
Batting: RHB António Rodríguez 0-0: Called Strike
0-1: Ball
1-1: Foul Ball, location: 2F
1-2: Ball
2-2: Strikes out swinging
Top of the 3rd over - 0 run(s), 0 hit(s), 0 error(s), 1 left on base; Penquannock 0 - Minnesota 2
BOTTOM OF THE 3RD
Minnesota ManBearPigs batting - Pitching for Penquannock Overrated Jeter : LHP Brian Gunther
Batting: LHB Elvin Summers 0-0: Ball
1-0: Ball
2-0: Called Strike
2-1: Ball
3-1: Foul Ball, location: 2F
3-2: Fly out, F8 (Flyball, 8LD)
Batting: RHB Chris Burrell 0-0: Foul Ball, location: 2F
0-1: Fly out, F5 (Line Drive, 5S)
Batting: RHB Ricardo Salazar 0-0: Ball
1-0: Ground out 6-3 (Groundball, 6)
Bottom of the 3rd over - 0 run(s), 0 hit(s), 0 error(s), 0 left on base; Penquannock 0 - Minnesota 2
TOP OF THE 4TH
Penquannock Overrated Jeter batting - Pitching for Minnesota ManBearPigs : RHP Juan Moreno
Batting: RHB Bernardo Enríquez 0-0: SINGLE (Groundball, 34D)
Batting: RHB José Velásquez 0-0: Foul Ball, location: 2F
0-1: Ball
1-1: Ball
2-1: Foul Ball, location: 2F
2-2: Fly out, F8 (Flyball, 8RM)
Batting: RHB Fernando Díaz 0-0: Ball
1-0: Ball
2-0: Foul Ball, location: 2F
2-1: Fielders Choice at 2nd, 6-4 (Groundball, 6)
Batting: LHB Tony Green 0-0: Ball
Fernando Díaz is caught stealing 2nd base
Top of the 4th over - 0 run(s), 1 hit(s), 0 error(s), 0 left on base; Penquannock 0 - Minnesota 2
BOTTOM OF THE 4TH
Minnesota ManBearPigs batting - Pitching for Penquannock Overrated Jeter : LHP Brian Gunther
Batting: RHB Tom Hicks 0-0: Fly out, F4 (Line Drive, 4)
Batting: RHB Irving Galloway 0-0: Ball
1-0: Ball
2-0: Ball
3-0: Called Strike
3-1: Called Strike
3-2: Fly out, F7 (Flyball, 7LSF)
Batting: RHB Carlos López 0-0: Ball
1-0: SINGLE (Line Drive, 56D)
Batting: RHB Carlos Luna 0-0: Foul Ball, location: 2F
0-1: Ball
1-1: Ball
2-1: Foul Ball, location: 2F
2-2: Ball
3-2: Strikes out swinging
Bottom of the 4th over - 0 run(s), 1 hit(s), 0 error(s), 1 left on base; Penquannock 0 - Minnesota 2
TOP OF THE 5TH
Penquannock Overrated Jeter batting - Pitching for Minnesota ManBearPigs : RHP Juan Moreno
Batting: LHB Tony Green 0-0: Called Strike
0-1: Foul Ball, location: 2F
0-2: Foul Ball, location: 2F
0-2: Foul Ball, location: 2F
0-2: Strikes out looking
Batting: RHB Manny Perea 0-0: Ball
1-0: Called Strike
1-1: Ball
2-1: SINGLE (Flyball, 8RS)
Batting: RHB Armando Pagán 0-0: Ball
1-0: Ball
2-0: Foul Ball, location: 2F
2-1: Ball
3-1: Base on Balls
Manny Perea to second
Batting: LHB Eric Powell 0-0: Ball
1-0: Ball
2-0: Foul Ball, location: 2F
2-1: Swinging Strike
2-2: Strikes out swinging
Batting: RHB Aaron Holt 0-0: Ball
1-0: Reached on error, E6 (Groundball, 6)
Manny Perea to third
Armando Pagán to second
Batting: RHB António Rodríguez 0-0: Ball
1-0: Swinging Strike
1-1: Called Strike
1-2: Strikes out swinging
Top of the 5th over - 0 run(s), 1 hit(s), 1 error(s), 3 left on base; Penquannock 0 - Minnesota 2
BOTTOM OF THE 5TH
Minnesota ManBearPigs batting - Pitching for Penquannock Overrated Jeter : LHP Brian Gunther
Batting: LHB Dave Raines 0-0: Called Strike
0-1: Ball
1-1: Ball
2-1: Ball
3-1: Base on Balls
Batting: RHB Pedro López 0-0: Called Strike
0-1: SINGLE (Groundball, 34D)
Dave Raines to second
Runner from 2nd tries for 3rd, SAFE, throw made to third
Batting: LHB Elvin Summers 0-0: Ball
1-0: Called Strike
1-1: Swinging Strike
1-2: Ball
2-2: Foul Ball, location: 2F
2-2: Ground out 4-3 (Groundball, 34)
Dave Raines scores
Pedro López to second
Batting: RHB Chris Burrell 0-0: Ball
1-0: Called Strike
1-1: Foul Ball, location: 2F
1-2: Fly out, F9 (Flyball, 9LS)
Batting: RHB Ricardo Salazar 0-0: Ball
1-0: Ball
2-0: Foul Ball, location: 2F
2-1: Ball
3-1: Called Strike
3-2: Base on Balls
Batting: RHB Tom Hicks 0-0: Swinging Strike
0-1: Ball
1-1: Ball
2-1: Foul Ball, location: 2F
2-2: Foul Ball, location: 2F
2-2: Ball
3-2: SINGLE (Line Drive, 5L)
Pedro López to third
Ricardo Salazar to second
Pedro López scores
Ricardo Salazar to third
Batting: RHB Irving Galloway 0-0: Called Strike
0-1: Fly out, F4 (Line Drive, 4M)
Bottom of the 5th over - 2 run(s), 2 hit(s), 0 error(s), 2 left on base; Penquannock 0 - Minnesota 4
TOP OF THE 6TH
Penquannock Overrated Jeter batting - Pitching for Minnesota ManBearPigs : RHP Juan Moreno
Batting: RHB Bernardo Enríquez 0-0: Foul Ball, location: 2F
0-1: Called Strike
0-2: Foul Ball, location: 2F
0-2: Strikes out swinging
Batting: RHB José Velásquez 0-0: Called Strike
0-1: Called Strike
0-2: Strikes out looking
Batting: RHB Fernando Díaz 0-0: Swinging Strike
0-1: Ball
1-1: Swinging Strike
1-2: Strikes out swinging
Top of the 6th over - 0 run(s), 0 hit(s), 0 error(s), 0 left on base; Penquannock 0 - Minnesota 4
BOTTOM OF THE 6TH
Minnesota ManBearPigs batting - Pitching for Penquannock Overrated Jeter : LHP Brian Gunther
Batting: RHB Carlos López 0-0: Foul Ball, location: 2F
0-1: Foul Ball, location: 2F
0-2: Foul Ball, location: 2F
0-2: Ball
1-2: Foul Ball, location: 2F
1-2: Foul Ball, location: 2F
1-2: Ball
2-2: Foul Ball, location: 2F
2-2: Foul Ball, location: 2F
2-2: Ground out U3 (Groundball, 34)
Pitching: RHP César Villanueva
Batting: RHB Carlos Luna 0-0: Ball
1-0: Called Strike
1-1: Swinging Strike
1-2: Ball
2-2: DOUBLE (Line Drive, 7LM)
Batting: LHB Dave Raines 0-0: Ground out 6-3 (Groundball, 6MS)
Carlos Luna to third
Batting: RHB Pedro López 0-0: Ball
1-0: Foul Ball, location: 2F
1-1: Ground out 1-3 (Groundball, 15S)
Bottom of the 6th over - 0 run(s), 1 hit(s), 0 error(s), 1 left on base; Penquannock 0 - Minnesota 4
TOP OF THE 7TH
Penquannock Overrated Jeter batting - Pitching for Minnesota ManBearPigs : RHP Juan Moreno
Batting: LHB Tony Green 0-0: Foul Ball, location: 2F
0-1: Ball
1-1: Ball
2-1: Fly out, F7 (Flyball, 7)
Pitching: RHP Cam Sparks
Batting: RHB Manny Perea 0-0: Called Strike
0-1: Foul Ball, location: 2F
0-2: Ball
1-2: Foul Ball, location: 2F
1-2: Fly out, F7 (Flyball, 7)
Batting: RHB Armando Pagán 0-0: Ball
1-0: Ball
2-0: Called Strike
2-1: Called Strike
2-2: Foul Ball, location: 2F
2-2: Ball
3-2: Strikes out swinging
Top of the 7th over - 0 run(s), 0 hit(s), 0 error(s), 0 left on base; Penquannock 0 - Minnesota 4
BOTTOM OF THE 7TH
Minnesota ManBearPigs batting - Pitching for Penquannock Overrated Jeter : RHP César Villanueva
Batting: LHB Elvin Summers 0-0: Ball
1-0: Ball
2-0: Called Strike
2-1: Ball
3-1: Base on Balls
Batting: RHB Chris Burrell 0-0: Ball
1-0: Called Strike
Elvin Summers steals 2nd base
1-1: Ball
2-1: Ball
3-1: Foul Ball, location: 2F
3-2: Strikes out swinging
Batting: RHB Ricardo Salazar 0-0: Ball
1-0: Foul Ball, location: 2F
1-1: Ball
2-1: Swinging Strike
2-2: Foul Ball, location: 2F
2-2: Foul Ball, location: 2F
2-2: Strikes out swinging
Batting: RHB Tom Hicks 0-0: Ball
1-0: Ball
2-0: Ball
3-0: Called Strike
3-1: Base on Balls
Batting: RHB Irving Galloway 0-0: Swinging Strike
0-1: Ball
Wild Pitch!
Elvin Summers to third
Tom Hicks to second
1-1: Foul Ball, location: 2F
1-2: Ball
2-2: Strikes out swinging
Bottom of the 7th over - 0 run(s), 0 hit(s), 0 error(s), 2 left on base; Penquannock 0 - Minnesota 4
TOP OF THE 8TH
Penquannock Overrated Jeter batting - Pitching for Minnesota ManBearPigs : RHP Cam Sparks
Batting: LHB Eric Powell 0-0: Ground out U3 (Groundball, 34)
Batting: RHB Aaron Holt 0-0: Swinging Strike
0-1: Ball
1-1: Called Strike
1-2: Foul Ball, location: 2F
1-2: Strikes out swinging
Batting: RHB António Rodríguez 0-0: Swinging Strike
0-1: Ball
1-1: Ball
2-1: Foul Ball, location: 2F
2-2: Strikes out swinging
Top of the 8th over - 0 run(s), 0 hit(s), 0 error(s), 0 left on base; Penquannock 0 - Minnesota 4
BOTTOM OF THE 8TH
Minnesota ManBearPigs batting - Pitching for Penquannock Overrated Jeter : RHP César Villanueva
Batting: RHB Carlos López 0-0: Ball
1-0: Ball
2-0: Foul Ball, location: 2F
2-1: Foul Ball, location: 2F
2-2: Foul Ball, location: 2F
2-2: Ball
3-2: SINGLE (Groundball, 4MD)
Batting: RHB Carlos Luna 0-0: Ball
1-0: Ball
2-0: Bunted foul
2-1: Bunt missed!
2-2: Foul Ball, location: 2F
2-2: Ball
3-2: Ground out 4-3 (Groundball, 4S)
Carlos López to second
Pitching: RHP John Kelly
Batting: LHB Dave Raines 0-0: Ball
1-0: Ground out 4-3 (Groundball, 34)
Carlos López to third
Batting: RHB Pedro López 0-0: SINGLE (Groundball, 4D)
Carlos López scores
Batting: LHB Elvin Summers 0-0: Foul Ball, location: 2F
0-1: Ball
1-1: Foul Ball, location: 2F
1-2: Ball
2-2: 2-RUN HOME RUN (Flyball, 9D), Distance : 385 ft
Batting: RHB Chris Burrell 0-0: Ball
1-0: Called Strike
1-1: Foul Ball, location: 2F
1-2: Fly out, F8 (Line Drive, 8RD)
Bottom of the 8th over - 3 run(s), 3 hit(s), 0 error(s), 0 left on base; Penquannock 0 - Minnesota 7
TOP OF THE 9TH
Penquannock Overrated Jeter batting - Pitching for Minnesota ManBearPigs : RHP Cam Sparks
Batting: RHB Bernardo Enríquez 0-0: Ball
1-0: Called Strike
1-1: Ball
2-1: SINGLE (Line Drive, 9)
Batting: RHB José Velásquez 0-0: Called Strike
0-1: Foul Ball, location: 2F
0-2: Ball
1-2: Strikes out swinging
Pitching: RHP Jorge Amador
Batting: RHB Fernando Díaz 0-0: Ball
1-0: Called Strike
1-1: Ball
2-1: Foul Ball, location: 2F
2-2: Foul Ball, location: 2F
2-2: Ball
3-2: Strikes out swinging
Batting: LHB Tony Green 0-0: Ball
1-0: Swinging Strike
1-1: Swinging Strike
1-2: Ball
2-2: Ball
3-2: Base on Balls
Bernardo Enríquez to second
Batting: RHB Manny Perea 0-0: Ball
1-0: Called Strike
1-1: Ball
2-1: Called Strike
2-2: Fielders Choice at 2nd, 4-6 (Groundball, 4)
Top of the 9th over - 0 run(s), 1 hit(s), 0 error(s), 1 left on base; Penquannock 0 - Minnesota 7
Tuesday, August 8th, 2017 - OOTP Baseball 17.12 Build 75